 Dungeon Crawl Stone Soup version 0.29-a0-43-g62a80824bf (webtiles) character file.

Game seed: 18109428265478217045

9236 jfcaron the Spear-Bearer (level 11, -4/89 HPs)
             Began as a Gnoll Cinder Acolyte on Feb 2, 2022.
             Was an Initiate of Ignis.
             Slain by Urug (7 damage)
             ... on level 10 of the Dungeon on Feb 3, 2022.
             The game lasted 00:42:43 (14188 turns).

jfcaron the Spear-Bearer (Gnoll Cinder Acolyte)    Turns: 14188, Time: 00:42:44

Health: -4/89      AC: 15    Str: 12    XL:     11   Next: 43%
Magic:  15/21      EV:  8    Int: 23    God:    Ignis [......]
Gold:   667        SH:  8    Dex:  7    Spells: 10/23 levels left

rFire   + + .      SeeInvis .   a - +2 whip (elec)
rCold   . . .      Faith    .   K - +0 kite shield
rNeg    + . .      Spirit   .   M - +0 pearl dragon scales
rPois   .          Reflect  .   (helmet restricted)
rElec   +          Harm     .   A - +1 cloak {Stlth+}
rCorr   +          Rampage  .   (no gloves)
Will    .....                   (no boots)
Stlth   ++........              r - amulet of magic regeneration
HPRegen 0.24/turn               d - +6 ring of intelligence
MPRegen 0.57/turn               I - ring of Ozxyrur {Wiz rF+ rCorr Str-3}

@: mighty
A: fangs 1, strong nose, distributed training, claws 1, horns 1, screaming 1,
electricity resistance
a: Renounce Religion, Rising Flame


You were on level 10 of the Dungeon.
You worshipped Ignis.
Ignis was noncommittal.
You visited 1 branch of the dungeon, and saw 11 of its levels.

You collected 667 gold pieces.

Inventory:

Hand Weapons
 a - a +2 whip of electrocution (weapon)
 b - a +2 spear of flaming
 c - a +2 whip of freezing
 i - a +0 hunting sling
 t - a +1 vampiric dagger
 y - the +5 mace of Ythiq {vorpal, Int+4}
   (You found it on level 4 of the Dungeon)

   It inflicts extra damage upon your enemies.
   Int:       It affects your intelligence (+4).
 N - a +1 spear of freezing
 S - a +0 halberd of distortion
Missiles
 m - 182 arrows
 n - 40 bolts
 p - 316 stones (quivered)
 u - 28 sling bullets
 F - 11 poisoned darts
 O - a curare-tipped dart {!f}
 R - a throwing net {!f}
Armour
 e - the +5 helmet of the Pits of Slime {rF+ Str+2}
   (You acquired it on level 5 of the Dungeon)

   Str:       It affects your strength (+2).
   rF:        It protects you from fire.
 q - the +5 ring mail of True Grit {rPois rC+ rN+ Str+2 Int-3}
   (You found it on level 2 of the Dungeon)

   Str:       It affects your strength (+2).
   Int:       It affects your intelligence (-3).
   rC:        It protects you from cold.
   rPois:     It protects you from poison.
   rN:        It protects you from negative energy.
 s - the +1 ring mail "Yqa Voma" {rCorr Str+3 Stlth+}
   (You found it on level 4 of the Dungeon)

   Str:       It affects your strength (+3).
   rCorr:     It protects you from acid and corrosion.
   Stlth:     It makes you more stealthy.
 v - a scarf of repulsion
 A - a +1 cloak of stealth (worn)
 K - a +0 kite shield (worn)
 M - +0 pearl dragon scales (worn)
 W - the +3 leather armour of Vutwuq {Fly rPois}
   (You found it on level 10 of the Dungeon)

   rPois:     It protects you from poison.
   Fly:       It grants you flight.
Jewellery
 d - a +6 ring of intelligence (left claw)
 l - a ring of fire
 o - a ring of see invisible
 r - an amulet of magic regeneration (around neck)
 I - the ring of Ozxyrur (right claw) {Wiz rF+ rCorr Str-3}
   (You acquired it on level 7 of the Dungeon)

   [ring of wizardry]

   It improves your spell success rate.
   Str:       It affects your strength (-3).
   rF:        It protects you from fire.
   rCorr:     It protects you from acid and corrosion.
Wands
 j - a wand of polymorph (5)
 Q - a wand of mindburst (6)
Scrolls
 f - a scroll of silence
 g - a scroll of blinking {unknown}
 h - a scroll of summoning {unknown}
 B - a scroll of brand weapon
 C - 2 scrolls of enchant armour {unknown}
 D - 4 scrolls of amnesia
 G - a scroll of magic mapping
 P - a scroll of teleportation
 T - a scroll of holy word {unknown}
 U - a scroll of noise {unknown}
Potions
 k - a potion of invisibility {unknown}
 w - a potion of brilliance {unknown}
 z - a potion of curing
 E - 3 potions of attraction
 H - 2 potions of ambrosia
 L - a potion of haste {unknown}
 V - a potion of mutation
Miscellaneous
 J - a piece from Xom's chessboard (15/15)


   Skills:
 + Level 9.2 Fighting
 + Level 6.3 Short Blades
 + Level 6.3 Long Blades
 + Level 6.3 Axes
 + Level 6.3 Maces & Flails
 + Level 9.2 Polearms
 + Level 6.3 Staves
 + Level 6.3 Slings
 + Level 6.3 Bows
 + Level 6.3 Crossbows
 + Level 6.3 Throwing
 + Level 6.3 Armour
 + Level 6.3 Dodging
 + Level 6.3 Stealth
 + Level 6.3 Shields
 + Level 6.3 Unarmed Combat
 + Level 6.9 Spellcasting
 + Level 5.2 Conjurations
 + Level 5.2 Hexes
 + Level 5.2 Summonings
 + Level 5.2 Necromancy
 + Level 5.2 Translocations
 + Level 5.2 Transmutations
 + Level 7.6 Fire Magic
 + Level 5.2 Ice Magic
 + Level 5.2 Air Magic
 + Level 5.2 Earth Magic
 + Level 5.2 Poison Magic
 + Level 6.9 Invocations
 + Level 6.3 Evocations


You had 10 spell levels left.
You knew the following spells:

 Your Spells              Type           Power      Damage    Failure   Level
a - Scorch                Fire           86%        2d9       3%          2
b - Frozen Ramparts       Ice            64%        1d8       17%         3
c - Iskenderun's Mystic   Conj/Tloc      32%        2d8       47%         4
d - Corpse Rot            Necr/Air       64%        N/A       9%          2
e - Poisonous Vapours     Pois/Air       64%        N/A       9%          2

Your spell library contained the following spells:

 Spells                   Type           Power      Damage    Failure   Level
 Freeze                   Ice            100%       1d11      6%          1
 Summon Small Mammal      Summ           100%       N/A       6%          1
 Call Canine Familiar     Summ           32%        N/A       17%         3
 Dazzling Flash           Conj/Hex       64%        N/A       17%         3
 Gell's Gravitas          Tloc           32%        N/A       17%         3
 Portal Projectile        Hex/Tloc       64%        N/A       17%         3
 Summon Guardian Golem    Hex/Summ       32%        N/A       17%         3
 Teleport Other           Tloc           32%        N/A       17%         3
 Hailstorm                Conj/Ice       32%        3d8       47%         4
 Leda's Liquefaction      Hex/Erth       16%        N/A       47%         4
 Lee's Rapid Deconstruct  Erth           16%        3d11*     82%         5
 Starburst                Conj/Fire      18%        6d7       99%         6
 Dispersal                Tloc           16%        N/A       100%        6
 Statue Form              Tmut/Erth      21%        N/A       100%        6


Dungeon Overview and Level Annotations

Branches:
Dungeon (11/15)            Temple (0/1) D:7            Lair (0/6) D:8
    Orc (0/2) D:9

Altars:
Cheibriados
Makhleb
Nemelex Xobeh
Qazlal

Annotations:
D:7 2 transporters
D:10 Urug


Innate Abilities, Weirdness & Mutations

You have very sharp teeth.
Your uncanny sense of smell can sniff out nearby items.
Your experience applies equally to all skills.
You have sharp fingernails.
You have a pair of small horns on your head.
You occasionally shout uncontrollably at your foes.
You are resistant to electric shocks. (rElec)


Message History

Flames lash Urug.
Urug is moderately wounded.
Urug's fire resistance burns away.
The wall freezes Urug.
Urug screams, "Prepare for a defeathering!"
You block Urug's attack.
Your frozen ramparts will break if you move.
Continue?
The wall freezes Urug.
Urug barely misses you.
Your magical contamination has completely faded away.
The frozen ramparts melt away.
You climb upwards.
There is a stone staircase leading down here.
Urug grins and says, "Time to carve some turkeys."
Urug throws a javelin.
The javelin closely misses you.
Urug sings a few bars from the Orcish anthem.
Urug hits you with a +0 vorpal war axe!
You hit Urug. You headbutt Urug.
Urug is heavily wounded.
Urug is no longer more vulnerable to fire.
You barely miss Urug. You headbutt Urug, but do no damage.
Urug is heavily wounded.
Urug hits you with a +0 vorpal war axe!
You barely miss Urug.
Urug is heavily wounded.
Urug hits you with a +0 vorpal war axe!
You barely miss Urug.
Urug is heavily wounded.
You block Urug's attack.
Aiming: Mindburst
Press: ? - help, Shift-Dir - straight line, f - Urug
Aim: Urug, wielding a +0 vorpal war axe, wearing a +4 chain mail of willpower and quivering javelins (heavily wounded, chance to affect: 37%)
Okay, then.
Okay, then.
Okay, then.
You feel very mighty all of a sudden. Urug hits you with a +0 vorpal war axe.
* * * LOW HITPOINT WARNING * * *
You hit Urug. You bite Urug, but do no damage.
Urug is heavily wounded.
Urug hits you with a +0 vorpal war axe!!
* * * LOW HITPOINT WARNING * * *
You die...

....#...#.'.......#.#####..#
....#...#.##....###.#...#..#
....'...#..#....'...#...#..#
....#####..#..###...#...#..#
...........#..#.....#...#.##
...........####.....#...'.#
....................#...#.#
..######.......o....###'#.#
### #......>.@.........#
#..................#
#........######....#
########........#....#..###
......##........#....#..#
..##...######...#....#..#
##≈##...## #...#....#..#
######..⌠# #...#....##.#
######...# #...#.....'.#


You could see Urug.

Vanquished Creatures
  2 two-headed ogres (D:9)
  Pikel (D:4)
  A kobold demonologist (D:9)
  An unseen horror (D:10)
  A komodo dragon (D:8)
  A troll (D:10)
  Prince Ribbit (D:9)
  Grinder (D:4)
  A hornet (D:7)
  2 wraiths
  Sigmund (D:2)
  3 wyverns
  Grum (D:9)
  5 yaks (D:10)
  An acid dragon (D:11)
  2 water moccasins
  2 orc warriors
  An ice beast (D:6)
  2 necrophages
  A black bear (D:5)
  2 sky beasts (D:6)
  An ogre (D:6)
  3 wolves (D:9)
  5 centaurs
  A lemure (D:4)
  4 kobold brigands
  2 bullfrogs
  A scorpion (D:5)
  2 gnoll sergeants
  17 killer bees
  A water moccasin skeleton (D:7)
  A howler monkey (D:9)
  4 electric eels (D:9)
  2 jellies
  6 orc priests
  A centaur skeleton (D:7)
  3 centaur zombies
  Crazy Yiuf (D:4)
  An iguana (D:5)
  A scorpion zombie (D:5)
  An orc wizard (D:5)
  5 adders
  13 gnolls
  A white imp (D:8)
  An adder zombie (D:5)
  2 adder skeletons (D:4)
  A worm (D:2)
  The ghost of mitchisshort the Shield-Bearer, a weakling DgFi (D:3)
  A dart slug (D:3)
  23 orcs
  10 endoplasms
  2 giant cockroaches (D:4)
  6 goblins
  4 hobgoblins
  4 jackals (D:3)
  20 kobolds
  5 quokkas
  9 ball pythons
  4 bats
  11 rats
  44 foxfires
  71 plants
329 creatures vanquished.

Notes
Turn   | Place    | Note
-------+----------+-------------------------------------------
     0 | D:1      | jfcaron the Gnoll Cinder Acolyte began the quest for the
                  | Orb.
     0 | D:1      | Reached XP level 1. HP: 23/23 MP: 4/4
   175 | D:1      | Reached XP level 2. HP: 29/29 MP: 5/5
   607 | D:1      | Found a faded altar of an unknown god.
   684 | D:1      | Reached XP level 3. HP: 35/35 MP: 7/7
  1054 | D:2      | Reached skill level 1 in Invocations
  1062 | D:1      | Reached skill level 1 in Short Blades
  1062 | D:1      | Reached skill level 1 in Long Blades
  1062 | D:1      | Reached skill level 1 in Axes
  1062 | D:1      | Reached skill level 1 in Maces & Flails
  1062 | D:1      | Reached skill level 1 in Staves
  1062 | D:1      | Reached skill level 1 in Slings
  1062 | D:1      | Reached skill level 1 in Bows
  1062 | D:1      | Reached skill level 1 in Crossbows
  1062 | D:1      | Reached skill level 1 in Throwing
  1062 | D:1      | Reached skill level 1 in Armour
  1062 | D:1      | Reached skill level 1 in Dodging
  1062 | D:1      | Reached skill level 1 in Stealth
  1062 | D:1      | Reached skill level 1 in Shields
  1062 | D:1      | Reached skill level 1 in Unarmed Combat
  1062 | D:1      | Reached skill level 1 in Evocations
  1242 | D:2      | Reached XP level 4. HP: 13/41 MP: 8/8
  1246 | D:2      | HP: 8/41 [poisoned by a gnoll]
  1745 | D:2      | Reached skill level 1 in Conjurations
  1745 | D:2      | Reached skill level 1 in Hexes
  1745 | D:2      | Reached skill level 1 in Summonings
  1745 | D:2      | Reached skill level 1 in Necromancy
  1745 | D:2      | Reached skill level 1 in Translocations
  1745 | D:2      | Reached skill level 1 in Transmutations
  1745 | D:2      | Reached skill level 1 in Ice Magic
  1745 | D:2      | Reached skill level 1 in Air Magic
  1745 | D:2      | Reached skill level 1 in Earth Magic
  1745 | D:2      | Reached skill level 1 in Poison Magic
  1869 | D:2      | Learned a level 2 spell: Scorch
  1904 | D:2      | Noticed Sigmund
  1910 | D:2      | Killed Sigmund
  1911 | D:2      | Reached XP level 5. HP: 47/47 MP: 8/10
  1911 | D:2      | Reached XP level 6. HP: 53/53 MP: 8/11
  1951 | D:2      | Identified the +5 ring mail of True Grit {rPois rC+ rN+
                  | Str+2 Int-3}
  2595 | D:3      | Found a runed translucent door.
  2607 | D:3      | Noticed mitchisshort's ghost (weakling DgFi)
  2610 | D:3      | Killed mitchisshort's ghost
  3373 | D:4      | Noticed Pikel
  3382 | D:4      | Killed Pikel
  3383 | D:4      | Reached XP level 7. HP: 47/60 MP: 12/12
  3713 | D:4      | Noticed Grinder
  3717 | D:4      | Killed Grinder
  3718 | D:4      | Reached XP level 8. HP: 67/67 MP: 14/14
  3726 | D:4      | Identified the +1 ring mail "Yqa Voma" {rCorr Str+3 Stlth+}
  3760 | D:4      | Identified the +5 mace of Ythiq {vorpal, Int+4}
  3765 | D:4      | Found a runed translucent door.
  3766 | D:4      | Noticed Crazy Yiuf
  3772 | D:4      | Killed Crazy Yiuf
  4360 | D:5      | Entered Level 5 of the Dungeon
  4388 | D:5      | Found a snail-covered altar of Cheibriados.
  4391 | D:5      | Identified a scroll of acquirement
  4391 | D:5      | Acquired the +5 helmet of the Pits of Slime {rF+ Str+2}
  4650 | D:5      | Gained mutation: You are frail. (-10% HP) [potion of
                  | mutation]
  4650 | D:5      | Gained mutation: You sometimes lose the ability to read
                  | scrolls when taking damage. [potion of mutation]
  4660 | D:5      | HP: 12/60 [orc priest (2)]
  4663 | D:5      | HP: 2/90 [orc priest/divine providence (7)]
  5332 | D:5      | Found a burning altar of Makhleb.
  5848 | D:6      | Reached XP level 9. HP: 60/65 MP: 16/16
  6085 | D:6      | Reached skill level 5 in Spellcasting
  6879 | D:7      | Lost mutation: You are frail. (-10% HP) [potion of
                  | mutation]
  6879 | D:7      | Lost mutation: You sometimes lose the ability to read
                  | scrolls when taking damage. [potion of mutation]
  6879 | D:7      | Gained mutation: You are resistant to electric shocks.
                  | (rElec) [potion of mutation]
  6879 | D:7      | Gained mutation: You have a pair of small horns on your
                  | head. [potion of mutation]
  6879 | D:7      | Gained mutation: You occasionally shout uncontrollably at
                  | your foes. [potion of mutation]
  6879 | D:7      | Gained mutation: You have sharp fingernails. [potion of
                  | mutation]
  6938 | D:7      | Noticed a hornet
  6942 | D:7      | Killed a hornet
  7005 | D:7      | Found a transporter.
  7067 | D:7      | Found a transporter.
  7512 | D:7      | Found a sparkling altar of Nemelex Xobeh.
  7599 | D:7      | Learned a level 3 spell: Frozen Ramparts
  7649 | D:7      | Acquired the ring of Ozxyrur {Wiz rF+ rCorr Str-3}
  7657 | D:7      | Learned a level 4 spell: Iskenderun's Mystic Blast
  7743 | D:7      | Found a staircase to the Ecumenical Temple.
  7769 | D:7      | Reached skill level 5 in Invocations
  8297 | D:8      | Reached XP level 10. HP: 66/80 MP: 18/18
  8860 | D:8      | Found a staircase to the Lair.
  8921 | D:8      | Reached skill level 5 in Short Blades
  8921 | D:8      | Reached skill level 5 in Long Blades
  8921 | D:8      | Reached skill level 5 in Axes
  8921 | D:8      | Reached skill level 5 in Maces & Flails
  8921 | D:8      | Reached skill level 5 in Staves
  8921 | D:8      | Reached skill level 5 in Slings
  8921 | D:8      | Reached skill level 5 in Bows
  8921 | D:8      | Reached skill level 5 in Crossbows
  8921 | D:8      | Reached skill level 5 in Throwing
  8921 | D:8      | Reached skill level 5 in Armour
  8921 | D:8      | Reached skill level 5 in Dodging
  8921 | D:8      | Reached skill level 5 in Stealth
  8921 | D:8      | Reached skill level 5 in Shields
  8921 | D:8      | Reached skill level 5 in Unarmed Combat
  8921 | D:8      | Reached skill level 5 in Evocations
  9754 | D:9      | Noticed a two-headed ogre
  9769 | D:9      | Killed a two-headed ogre
 10023 | D:9      | Found a staircase to the Orcish Mines.
 10039 | D:9      | Noticed Grum
 10051 | D:9      | Killed Grum
 10327 | D:9      | Noticed Prince Ribbit
 10338 | D:9      | Killed Prince Ribbit
 10600 | D:9      | Noticed a two-headed ogre
 10621 | D:9      | HP: 14/82 [two-headed ogre (14)]
 10624 | D:9      | Killed a two-headed ogre
 11429 | D:9      | Upgraded the game from 0.29-a0-40-g8eb35efe60 to
                  | 0.29-a0-43-g62a80824bf
 11518 | D:9      | Reached XP level 11. HP: 78/87 MP: 7/20
 11960 | D:10     | Entered Level 10 of the Dungeon
 12244 | D:10     | Reached skill level 5 in Conjurations
 12244 | D:10     | Reached skill level 5 in Hexes
 12244 | D:10     | Reached skill level 5 in Summonings
 12244 | D:10     | Reached skill level 5 in Necromancy
 12244 | D:10     | Reached skill level 5 in Translocations
 12244 | D:10     | Reached skill level 5 in Transmutations
 12244 | D:10     | Reached skill level 5 in Ice Magic
 12244 | D:10     | Reached skill level 5 in Air Magic
 12244 | D:10     | Reached skill level 5 in Earth Magic
 12244 | D:10     | Reached skill level 5 in Poison Magic
 12260 | D:10     | Found a stormy altar of Qazlal.
 12926 | D:10     | Learned a level 2 spell: Corpse Rot
 12929 | D:10     | Learned a level 2 spell: Poisonous Vapours
 13004 | D:10     | Found Ra's Dragon-Slaying Spoils.
 13056 | D:10     | Identified the +3 leather armour of Vutwuq {Fly rPois}
 13495 | D:10     | HP: 16/89 [yak (9)]
 13497 | D:10     | HP: 4/89 [yak (12)]
 14170 | D:11     | Noticed Urug
 14177 | D:11     | Noticed a cyclops
 14188 | D:10     | HP: 3/89 [Urug (23)]
 14188 | D:10     | Slain by Urug

Illustrated notes

Levels and vault maps discovered:
D:1:      mrwooster_arrival_arrow, layout_loops_ring,
          shapermc_ecumenical_altar_starsandcircs
D:2:      layout_rooms, uniq_sigmund
D:3:      layout_basic, ebering_ghost_reflecting_pool
D:4:      layout_basic, uniq_pikel, uniq_crazy_yiuf_cottage, uniq_grinder
D:5:      layout_basic, mainiacjoe_overflow_large_starburst,
          minmay_misc_feat_columns, eino_small_chamber_without_monster
D:6:      layout_basic, chequers_avenue, solitary_fountain,
          hangedman_decor_riveting, minmay_misc_feat_ornament,
          chequers_mini_garden, minmay_stone_trees_small, minmay_hedge_maze
D:7:      gammafunk_cloud_chamber, layout_loops_corners,
          mainiacjoe_overflow_concentric_impassable,
          minmay_temple_entry_large_hall
D:8:      layout_layer_cave, david_lair_shrubbed, chequers_serial_rivers_large_a
D:9:      layout_roguey, orc_0_dummy, serial_bayou_lagoon_b,
          uniq_prince_ribbit1, uniq_grum
D:10:     layout_irregular_city, mainiacjoe_overflow_chevrons,
          nicolae_shop_dragon_depot
D:11:     evilmike_library_of_no_secrets, layout_cave_pods,
          minmay_fractal_squares_gapless_5, uniq_snorg, uniq_urug

Skill      XL: |  1  2  3  4  5  6  7  8  9 10 11 |
---------------+----------------------------------+-----
Invocations    | 1 2 3 4 5 6 |  6.9
Short Blades   | 1 2 3 4 5 6 |  6.3
Long Blades    | 1 2 3 4 5 6 |  6.3
Axes           | 1 2 3 4 5 6 |  6.3
Maces & Flails | 1 2 3 4 5 6 |  6.3
Staves         | 1 2 3 4 5 6 |  6.3
Slings         | 1 2 3 4 5 6 |  6.3
Bows           | 1 2 3 4 5 6 |  6.3
Crossbows      | 1 2 3 4 5 6 |  6.3
Throwing       | 1 2 3 4 5 6 |  6.3
Armour         | 1 2 3 4 5 6 |  6.3
Dodging        | 1 2 3 4 5 6 |  6.3
Stealth        | 1 2 3 4 5 6 |  6.3
Shields        | 1 2 3 4 5 6 |  6.3
Unarmed Combat | 1 2 3 4 5 6 |  6.3
Evocations     | 1 2 3 4 5 6 |  6.3
Spellcasting   | 3 4 5 6 |  6.9
Conjurations   | 1 2 3 4 5 |  5.2
Hexes          | 1 2 3 4 5 |  5.2
Summonings     | 1 2 3 4 5 |  5.2
Necromancy     | 1 2 3 4 5 |  5.2
Translocations | 1 2 3 4 5 |  5.2
Transmutations | 1 2 3 4 5 |  5.2
Ice Magic      | 1 2 3 4 5 |  5.2
Air Magic      | 1 2 3 4 5 |  5.2
Earth Magic    | 1 2 3 4 5 |  5.2
Poison Magic   | 1 2 3 4 5 |  5.2
Fighting       | 7 8 9 |  9.2
Polearms       | 7 8 9 |  9.2
Fire Magic     | 6 7 |  7.6

Action                   |  1- 3 |  4- 6 |  7- 9 | 10-12 || total
-------------------------+-------+-------+-------+-------++-------
Melee: Spear             |   113 |     1 |       |    47 ||   161
       Bite              |     5 |     4 |    15 |    18 ||    42
       Punch             |     2 |     2 |     1 |       ||     5
       Whip              |       |    81 |    15 |    60 ||   156
       Halberd           |       |     4 |     8 |       ||    12
       Mace              |       |       |   133 |    47 ||   180
       Headbutt          |       |       |    10 |    29 ||    39
 Fire: Hunting sling     |       |       |       |     1 ||     1
Throw: Stone             |     5 |    82 |   130 |    35 ||   252
       Dart              |       |       |       |     5 ||     5
       Boomerang         |       |       |       |     3 ||     3
 Cast: Scorch            |       |     7 |    26 |    61 ||    94
       Frozen Ramparts   |       |       |     3 |    20 ||    23
       Corpse Rot        |       |       |       |     2 ||     2
       Iskenderun's Myst |       |       |       |     1 ||     1
       Poisonous Vapours |       |       |       |     1 ||     1
Invok: Fiery Armour      |     2 |     1 |     2 |     5 ||    10
       Foxfire Swarm     |       |     1 |     1 |       ||     2
Evoke: Wand              |       |       |     1 |       ||     1
       Piece from Xom's  |       |       |       |     1 ||     1
  Use: Scroll            |       |     5 |     7 |     3 ||    15
       Potion            |       |       |     4 |     2 ||     6
 Stab: Sleeping          |       |       |     1 |     1 ||     2
Armor: Robe              |     6 |       |       |       ||     6
       Ring mail         |    13 |    22 |   124 |    45 ||   204
       Pearl dragon scal |       |       |       |    54 ||    54
Dodge: Dodged            |    48 |    28 |   105 |    61 ||   242
Block: Kite shield       |       |       |     8 |    94 ||   102

Table legend: (Time is in decaauts)
 A = Elapsed time spent in this place.
 B = Non-inter-level travel time spent in this place.
 C = Inter-level travel time spent in this place.
 D = Time resting spent in this place.
 E = Time spent auto-exploring this place.
 F = Levels seen in this place.
 G = Mean time per level.
                   A        B        C        D        E       F      G
               +--------+--------+--------+--------+--------+-----+--------+
         Total |  14255 |  13644 |    611 |   3232 |   8310 |  11 | 1295.9 |
       Dungeon |  14255 |  13644 |    611 |   3232 |   8310 |  11 | 1295.9 |
               +--------+--------+--------+--------+--------+-----+--------+

Top non-repeatable levels by time:
     D:9: 2356 daAuts
    D:10: 2017 daAuts
     D:8: 1793 daAuts
     D:1: 1381 daAuts
     D:5: 1258 daAuts
     D:7: 1233 daAuts
     D:4: 1170 daAuts
     D:6: 1146 daAuts
     D:3: 940 daAuts
     D:2: 939 daAuts
    D:11: 18 daAuts
